Map: Aire du défenseur EC

Players

zidar

  • Race: Zerg Zerg
  • League: Gold
  • Spawn Location: 1:00

Cris - Winner!

  • Race: Terran Terran
  • League: Platinum
  • Spawn Location: 7:00

VOD

Have the link to the VOD?

Description

Time

  • Played on: June 27, 2017, 3:33 p.m.
  • Length: 16:45
Show
View Real Time Build Order
Export as new Build Order

zidar Zerg 

Build Orders: Hatch First, Muta Ling Bane 

Get SALT Encoding   

  12  0:01  Drone  
  13  0:13  Overlord  
  13  0:18  Drone  
  14  0:31  Drone x2  
  16  0:51  Hatchery  
  16  0:53  Drone  
  16  0:57  Extractor  
  16  0:59  Drone  
  16  1:18  Spawning Pool  
  15  1:19  Drone  
  15  1:24  Drone  
  17  1:27  Drone  
  17  1:32  Drone  
  19  2:04  Queen x2  
  19  2:06  Metabolic Boost  
  23  2:11  Drone  
  23  2:15  Overlord  
  24  2:18  Drone  
  24  2:22  Drone  
  26  2:30  Drone x2  
  27  3:15  Roach Warren  
  25  3:25  Zergling x22  
  36  3:32  Baneling Nest  
  35  3:58  Overlord x2  
  35  4:13  Pneumatized Carapace  
  35  4:18  Lair  
  35  4:30  Drone x4  
  35  4:31  Drone x8  
  47  4:48  Extractor  
  47  4:51  Extractor  
  45  4:53  Extractor  
  44  5:19  Drone x5  
  49  5:26  Hatchery  
  48  5:29  Centrifical Hooks  
  48  5:35  Spire  
  47  5:42  Evolution Chamber  
  47  5:47  Evolution Chamber, Baneling x4  
  47  5:48  Baneling x4  
  45  5:55  Drone x5  
  50  6:04  Overseer  
  50  6:10  Zerg Melee Weapons Level 1  
  50  6:13  Zerg Ground Armor Level 1  
  51  6:32  Drone  
  51  6:41  Drone x7  
  58  6:52  Overlord x2  
  58  6:53  Overlord  
  57  7:10  Queen  
  48  7:50  Mutalisk x8  
  64  8:10  Zergling x8  
  64  8:11  Zergling x10  
  71  8:34  Zergling x6  
  74  8:37  Overlord x6  
  74  8:38  Overlord  
  74  8:44  Queen  
  52  9:25  Zergling x2  
  52  9:26  Zergling x16  
  61  9:45  Baneling  
  61  9:46  Baneling  
  61  9:51  Overseer  
  61  10:00  Baneling x8  
  61  10:03  Drone x5  
  65  10:43  Zergling x6  
  65  10:44  Zergling x40  
  65  10:46  Zerg Melee Weapons Level 2  
  65  10:47  Zerg Ground Armor Level 2  
  88  10:55  Infestation Pit  
  87  11:09  Drone  
  87  11:10  Drone x4  
  92  11:12  Drone x2  
  92  11:14  Drone x2  
  92  11:15  Drone x2  
  92  11:17  Hatchery  
  97  11:18  Baneling x4  
  97  11:19  Baneling x8  
  97  11:21  Zergling x8  
  101  11:45  Extractor  
  100  11:49  Extractor  
  99  11:56  Mutalisk  
  99  11:57  Mutalisk  
  103  12:12  Overseer  
  85  13:16  Drone x15  
  85  13:17  Drone  
  101  13:30  Queen  
  103  13:51  Hatchery  
  103  13:53  Hive  
  102  13:59  Zerg Flyer Weapons Level 1  
  102  14:08  Overlord x3  
  102  14:11  Mutalisk x12  
  126  15:04  Overlord x12  
  126  15:27  Ultralisk Cavern  
  75  16:22  Zergling x2  
  75  16:23  Zergling x2  
  75  16:24  Zergling x34  
Show
View Real Time Build Order
Export as new Build Order

Cris Terran - Winner!

Build Orders:  

Get SALT Encoding   

  12  0:03  SCV  
  13  0:16  Supply Depot  
  13  0:19  SCV  
  14  0:31  SCV  
  15  0:42  Barracks  
  15  0:47  SCV  
  16  0:58  Barracks  
  16  1:01  SCV  
  16  1:04  Refinery  
  17  1:13  SCV  
  18  1:25  SCV  
  18  1:29  Supply Depot  
  19  1:32  Marine  
  19  1:38  SCV  
  21  1:45  Barracks Tech Lab  
  21  1:50  Refinery, SCV  
  21  1:52  Marine  
  23  2:03  SCV  
  23  2:07  Marine  
  25  2:15  Orbital Command  
  25  2:19  Factory  
  25  2:21  Marine  
  26  2:28  Marine  
  27  2:34  Supply Depot  
  27  2:46  Marine  
  27  2:48  Marine  
  28  3:07  Command Center  
  28  3:12  Marine  
  29  3:24  Factory Tech Lab  
  29  3:25  Barracks Reactor  
  29  3:30  SCV  
  29  3:31  Starport  
  30  3:38  Stimpack  
  30  3:49  Bunker  
  30  3:50  Marine  
  31  4:01  Siege Tank  
  34  4:07  SCV  
  34  4:09  Starport Reactor  
  35  4:12  Marine x2  
  37  4:17  Marine  
  38  4:27  Supply Depot  
  38  4:28  Refinery  
  38  4:33  Marine x2  
  40  4:46  SCV  
  40  4:47  SCV  
  40  4:50  Medivac  
  44  5:04  Supply Depot  
  44  5:05  Marine x3  
  47  5:12  Refinery  
  47  5:13  SCV  
  48  5:17  SCV  
  49  5:28  Medivac  
  51  5:30  Medivac  
  51  5:31  SCV  
  54  5:43  Supply Depot  
  54  5:44  Marine x3  
  57  5:51  SCV x2  
  59  6:02  Marine x2  
  61  6:05  Siege Tank  
  61  6:08  SCV  
  65  6:15  Engineering Bay  
  65  6:19  SCV  
  65  6:20  SCV  
  67  6:34  SCV, Orbital Command  
  67  6:35  Marine x3  
  71  6:43  Supply Depot  
  71  6:46  Supply Depot  
  71  6:51  SCV  
  72  6:54  Marine x2  
  72  6:55  Marine  
  71  7:35  Marine x2  
  71  7:36  Marine  
  72  7:53  Marine x3, Widow Mine  
  75  8:03  Terran Infantry Weapons Level 1  
  75  8:06  Engineering Bay  
  75  8:11  Marine x3  
  78  8:15  Command Center  
  80  8:21  Widow Mine  
  80  8:29  Marine x3  
  83  8:47  Marine  
  54  9:22  Marine x2  
  54  9:23  Marine  
  54  9:27  Medivac x2  
  54  9:30  Terran Infantry Armor Level 1  
  58  9:33  Armory  
  58  9:36  Missile Turret  
  58  9:40  Marine x3, Missile Turret  
  61  9:53  Missile Turret, SCV x2  
  61  9:57  Medivac  
  61  9:58  Marine x3  
  61  9:59  Missile Turret  
  68  10:05  SCV x2  
  72  10:09  Widow Mine  
  72  10:11  Barracks  
  72  10:13  Supply Depot  
  72  10:16  Marine x3  
  72  10:17  SCV x2  
  77  10:24  Missile Turret  
  77  10:26  Planetary Fortress  
  75  10:29  SCV  
  75  10:34  Marine x3  
  75  10:35  SCV  
  82  10:38  Widow Mine  
  82  10:42  Terran Infantry Weapons Level 2  
  82  10:51  Marine x2  
  82  10:52  Marine  
  82  10:55  Refinery  
  85  11:00  Supply Depot  
  85  11:01  Barracks Reactor  
  85  11:09  Marine x3  
  88  11:12  SCV  
  88  11:14  SCV x2  
  91  11:21  Thor  
  91  11:24  SCV  
  98  11:27  Marine, Factory  
  98  11:30  Terran Vehicle Weapons Level 1, Terran Infantry Armor Level 2  
  98  11:32  Missile Turret  
  99  11:36  SCV  
  99  11:39  SCV x2  
  102  11:48  SCV  
  102  11:49  Refinery  
  102  11:51  SCV, Supply Depot  
  102  11:52  Marine, SCV  
  102  11:53  Marine  
  105  12:01  Marine x2  
  105  12:02  Marine  
  108  12:10  Marine x2  
  110  12:17  Factory Tech Lab  
  110  12:19  Marine x3  
  110  12:20  Barracks  
  113  12:24  Barracks  
  113  12:28  Marine x2  
  115  12:37  Marine x3  
  118  12:46  Marine x2  
  120  12:55  Marine x3  
  123  13:04  Marine x2  
  115  13:13  Marine x2, Marauder  
  119  13:21  Marine  
  119  13:22  Marine  
  121  13:30  Marine  
  121  13:31  Marine  
  121  13:33  Bunker  
  123  13:35  Marauder  
  123  13:36  Barracks Tech Lab  
  123  13:37  Barracks Reactor  
  123  13:39  Marine x2  
  129  13:42  Widow Mine  
  129  13:46  Supply Depot  
  129  13:48  Marine x2  
  131  13:56  Marauder  
  133  14:07  Marine x2  
  133  14:08  Medivac x2  
  133  14:09  Supply Depot  
  141  14:10  Supply Depot  
  141  14:12  Supply Depot  
  141  14:15  Widow Mine  
  141  14:18  Command Center, Supply Depot  
  141  14:30  Marine x2  
  141  14:31  Marauder, Supply Depot  
  145  14:38  Medivac x2  
  151  14:44  Widow Mine  
  151  14:47  Marine x2  
  151  14:48  Marine x2  
  151  14:51  Combat Shield  
  151  14:52  Marine  
  158  15:12  Widow Mine  
  158  15:30  Marine x3  
  158  15:31  Marine x3, Marauder x2  
  158  15:33  Thor  
  174  15:48  Marine x5  
  174  15:49  Marine  
  180  15:52  Marine  
  150  16:26  Marine x5  
Tags
 
Add a new tag
Caveats
  • Supply blocks, unpowered buildings, or Contaminate may cause inaccurate times.
  • Supply counts are checked every 10 seconds.